 Dungeon Crawl Stone Soup version 0.18.1-5-g4a78601 (webtiles) character file.

132 LORDOFBUTT the Skirmisher (level 4, -1/37 HPs)
             Began as a Demonspawn Berserker on May 10, 2016.
             Was a Believer of Trog.
             Slain by Grinder (5 damage)
             ... on level 3 of the Dungeon.
             The game lasted 00:02:08 (1896 turns).

LORDOFBUTT the Skirmisher (Demonspawn Berserker)    Turns: 1896, Time: 00:02:08

Health: -1/37      AC:  3    Str: 17    XL:     4   Next: 92%
Magic:  4/4        EV: 13    Int:  8    God:    Trog [**....]
Gold:   121        SH:  3    Dex: 18    Spells: 0 memorised, 3 levels left

rFire  . . .     SeeInvis .       - Unarmed
rCold  . . .     Gourm    .     x - +0 leather armour
rNeg   . . .     Faith    .     (no shield)
rPois  .         Spirit   .     (no helmet)
rElec  .         Dismiss  .     (no cloak)
rCorr  .         Reflect  +     (no gloves)
SustAt .         Harm     .     (no boots)
MR     .....                    p - +3 amulet of reflection
Stlth  +++.......               (no ring)
                                (no ring)

@: exhausted, very slightly contaminated, hasted and slowed, not resistant to
hostile enchantments, fairly stealthy
A: thin skeletal structure 2
a: Berserk, Trog's Hand, Burn Spellbooks, Renounce Religion


You were on level 3 of the Dungeon.
You worshipped Trog.
Trog was pleased with you.
You were near starving.

You visited 1 branch of the dungeon, and saw 3 of its levels.

You collected 121 gold pieces.

Inventory:

Armour
 x - a +0 leather armour (worn)
Jewellery
 p - a +3 amulet of reflection (around neck)
Scrolls
 d - a scroll of blinking {unknown}
 e - a scroll of noise {unknown}
 g - 2 scrolls of recharging {unknown}
 k - a scroll of magic mapping {unknown}
 l - a scroll of fear {unknown}
 n - a scroll of remove curse {unknown}
 u - a scroll of enchant armour {unknown}
Potions
 c - 2 potions of degeneration
 h - 2 potions of curing
 i - a potion of brilliance
 j - 2 potions of haste
 m - a potion of cure mutation
 o - a potion of invisibility
 s - a potion of resistance
 t - a potion of flight {unknown}
 v - a potion of beneficial mutation {unknown}
Books
 w - a book of Cantrips

   Spells                             Type                      Level
   a - Corona                         Hexes                        1
   b - Animate Skeleton               Necromancy                   1
   c - Summon Small Mammal            Summoning                    1
   d - Apportation                    Translocation                1
   Trog disapproves of the use of such an item.
Comestibles
 b - 4 bread rations
 r - 2 meat rations


   Skills:
 + Level 3.7 Fighting
 + Level 1.8 Armour
 + Level 2.9 Dodging
 + Level 1.8 Stealth
 + Level 3.5 Unarmed Combat


You had 3 spell levels left.
You didn't know any spells.

Dungeon Overview and Level Annotations

Branches:
Dungeon (3/15)

Altars:

Annotations:
D:3 Grinder


Innate Abilities, Weirdness & Mutations

You have a moderately thin skeletal structure (Dex +4, Stealth+).


Message History

Read which item? (? for menu, Esc to quit)
Okay, then.
Drink which item? (? for menu, Esc to quit)
Okay, then.
Grinder says, "FISH!"
Grinder blinks!
Grinder barely misses you.
Drink which item? (? for menu, Esc to quit)
You feel yourself speed up. Grinder barely misses you.
You are very lightly contaminated with residual magic.
You barely miss Grinder.
Grinder is almost dead.
Grinder gestures at you. Pain shoots through your body!
* * * LOW HITPOINT WARNING * * *
You barely miss Grinder.
Grinder is almost dead.
Grinder hits you.
* * * LOW HITPOINT WARNING * * *
You writhe in agony.
You die...

#.##.#.#..........#
#.#.###.######>###
#.#.....# #...#
#.####### ###.# #.
#.# #. #.# #.###
#.# #..5# #.# ###@#
#.# #.# #.# #.# #.#
# #.# #.# #. #.#
##.##
.#..############.#
##...##
............ยง....#
#>#.#.#
....##.###########
##...## # #.# ##.##


You could see Grinder.

Vanquished Creatures
  A water moccasin skeleton (D:3)
  4 adders
  An ooze (D:1)
  A dart slug (D:1)
  4 orcs (D:3)
  A giant cockroach (D:3)
  2 goblins (D:2)
  3 hobgoblins
  3 jackals (D:3)
  A quokka (D:2)
  A ball python (D:2)
  5 bats
  3 giant newts
  3 kobolds
  7 rats
40 creatures vanquished.

Notes
Turn   | Place    | Note
--------------------------------------------------------------
     0 | D:1      | LORDOFBUTT the Demonspawn Berserker began the quest for the Orb.
     0 | D:1      | Reached XP level 1. HP: 18/18 MP: 1/1
   424 | D:1      | Gained mutation: You have a somewhat thin skeletal structure (Dex +2, Stealth). [demonic ancestry]
   424 | D:1      | Reached XP level 2. HP: 23/24 MP: 2/2
   990 | D:2      | Gained mutation: You have a moderately thin skeletal structure (Dex +4, Stealth+). [demonic ancestry]
   990 | D:2      | Reached XP level 3. HP: 24/29 MP: 3/3
  1139 | D:2      | Reached ** piety under Trog
  1541 | D:3      | Reached skill level 1 in Stealth
  1541 | D:3      | Reached XP level 4. HP: 17/37 MP: 4/4
  1866 | D:3      | Noticed Grinder
  1896 | D:3      | Slain by Grinder

Skill      XL: |  1  2  3 |
---------------+----------+-----
Dodging        | 2 |  2.9
Unarmed Combat | 3 |  3.5
Stealth        | 1 |  1.8
Fighting       | |  3.7
Armour         | |  1.8

Action                   |  1- 3 |  4- 6 || total
-------------------------+-------+-------++-------
Melee: Unarmed           |   103 |    38 ||   141
       Punch             |     1 |       ||     1
Invok: Berserk           |       |     2 ||     2
  Use: Scroll            |       |     7 ||     7
       Potion            |       |     1 ||     1
 Stab: Sleeping          |    11 |     3 ||    14
  Eat: Beef jerky        |     1 |       ||     1
       Chunk             |       |     2 ||     2
Armor: Animal skin       |    20 |     1 ||    21
Dodge: Dodged            |    52 |    20 ||    72
Block: Other             |       |     3 ||     3
